 Dungeon Crawl Stone Soup version 0.28-a0-206-gc2c9e32840 (webtiles) character file.

Game seed: 5204014203824241067

21 frimble the Digger (level 2, 0/20 HPs)
             Began as a Minotaur Earth Elementalist on Aug 21, 2021.
             Slain by an adder (5 damage)
             ... on level 1 of the Dungeon.
             The game lasted 00:00:43 (1044 turns).

frimble the Digger (Minotaur Earth Elementalist)    Turns: 1044, Time: 00:00:43

Health: 0/20       AC:  2    Str: 12    XL:     2   Next: 65%
Magic:  3/3        EV: 12    Int: 12    God:
Gold:   24         SH:  0    Dex: 10    Spells: 3/4 levels left

rFire   . . .      SeeInvis .   (no weapon)
rCold   . . .      Faith    .   (no shield)
rNeg    . . .      Spirit   .   b - +0 robe
rPois   .          Reflect  .   (helmet restricted)
rElec   .          Harm     .   (no cloak)
rCorr   .          Rampage  .   (no gloves)
Will    .....                   (no boots)
Stlth   +.........              (no amulet)
HPRegen 0.06/turn               (no ring)
MPRegen 0.08/turn               (no ring)

@: confused, ambrosia-drunk
A: horns 2, retaliatory headbutt
a: no special abilities


You were on level 1 of the Dungeon.
You visited 1 branch of the dungeon, and saw 2 of its levels.

You collected 24 gold pieces.

Inventory:

Missiles
 c - 100 stones
Armour
 b - a +0 robe (worn)
Jewellery
 e - an amulet of regeneration
Scrolls
 a - 3 scrolls of identify {unknown}
 d - a scroll of brand weapon {unknown}


   Skills:
 + Level 2.5 Dodging
 + Level 1.9 Stealth
 + Level 1.6 Spellcasting
 + Level 1.1 Transmutations
 + Level 2.6 Earth Magic


You had 3 spell levels left.
You knew the following spells:

 Your Spells              Type           Power      Damage    Failure   Level
a - Sandblast             Erth           14%        2d6       10%         1

Your spell library contained the following spells:

 Spells                   Type           Power      Damage    Failure   Level
 Passwall                 Tmut/Erth      4%         N/A       21%         2
 Stone Arrow              Conj/Erth      8%         3d7       45%         3
 Petrify                  Tmut/Erth      5%         N/A       78%         4
 Freezing Cloud           Conj/Ice/Air   0%         6-21      100%        5
 Simulacrum               Ice/Necr       0%         N/A       100%        6
 Polar Vortex             Ice            0%         N/A       100%        9


Dungeon Overview and Level Annotations

Branches:
Dungeon (2/15)

Altars:


Innate Abilities, Weirdness & Mutations

You have a pair of horns on your head.
You reflexively headbutt those who attack you in melee.


Message History

The blast of sand hits the adder.
The adder is almost dead.
Casting: Sandblast (safe; 10% risk of failure)
Confirm with . or Enter, or press ? or * to list all spells.
Aiming: Sandblast (safe; 10% risk of failure)
Press: ? - help, Shift-Dir - straight line, f/p - adder
Aim: an adder (almost dead, 63% to hit)
The blast of sand misses the adder.
The adder bites you.
You are poisoned.
The adder poisons you!
Casting: Sandblast (safe; 10% risk of failure)
Confirm with . or Enter, or press ? or * to list all spells.
You don't have enough magic to cast this spell.
You feel sick.
The endoplasm quivers.
The adder bites you.
You are more poisoned.
The adder poisons you! The adder completely misses you.
You climb upwards.
You feel very sick.
There is a stone staircase leading down here.
You feel sick.
You closely miss the adder.
The adder is almost dead.
You feel sick. The adder bites you.
You hit the adder but do no damage.
The adder is severely wounded.
You feel sick. The adder bites you.
You closely miss the adder.
The adder is severely wounded.
You feel sick. The adder bites you.
* * * LOW HITPOINT WARNING * * *
The adder bites you.
* * * LOW HITPOINT WARNING * * *
It was a potion of ambrosia.
You are confused.
You feel invigorated.
You feel sick.
You are no longer poisoned.
The adder bites you.
You die...

...##........#....##.........###.
#####........#...............####
......##...###....##.......#.....
##.........###.#..##########.....
##.........#...#..# #.....
##.........#.#.#..# ##÷....
##.......#.#.#.##.# ######......
.........#...####.## #...........
.........#####..@S.###.####......
...####### #.###...............
...# #.# #..≈...≈P..##### ...#
###.# #..P.....P.# ...# #...#
#..≈.#.#.P.# ...#########.###
##.≈.#.#.⌠.# .#...........###
#.≈.#_#.≈.# .#.............#
#.≈.###.≈.#
.#..........##.####.≈.....≈.#


You could see an adder.

Vanquished Creatures
  A dart slug (D:1)
  3 ball pythons (D:1)
  4 bats (D:1)
  3 endoplasms (D:1)
  2 giant cockroaches (D:1)
  A hobgoblin (D:1)
  3 quokkas (D:1)
17 creatures vanquished.

Vanquished Creatures (others)
  A plant (D:1)
1 creature vanquished.

Grand Total: 18 creatures vanquished

Notes
Turn   | Place    | Note
-------+----------+-------------------------------------------
     0 | D:1      | frimble the Minotaur Earth Elementalist began the quest for
                  | the Orb.
     0 | D:1      | Reached XP level 1. HP: 14/14 MP: 1/1
   305 | D:1      | Reached skill level 1 in Transmutations
   340 | D:1      | Reached XP level 2. HP: 20/20 MP: 3/3
   901 | D:1      | Found a faded altar of an unknown god.
  1043 | D:1      | HP: 1/20 [adder (5)]
  1044 | D:1      | Slain by an adder

Illustrated notes

Levels and vault maps discovered:
D:1:      lightli_arrival_chessboard, layout_basic,
          shapermc_ecumenical_altar_acropolis
D:2:      layout_rooms, basic_altar

Skill      XL: |  1 |
---------------+----+-----
Transmutations | 1 |  1.1
Dodging        | |  2.5
Stealth        | |  1.9
Spellcasting   | |  1.6
Earth Magic    | |  2.6

Action                   || total
-------------------------++-------
Melee: Unarmed           ||    49
       Headbutt          ||     7
 Cast: Sandblast         ||     8
  Use: Potion            ||     1
 Stab: Sleeping          ||     3
Armor: Robe              ||    12
Dodge: Dodged            ||    40

Table legend: (Time is in decaauts)
 A = Elapsed time spent in this place.
 B = Non-inter-level travel time spent in this place.
 C = Inter-level travel time spent in this place.
 D = Time resting spent in this place.
 E = Time spent auto-exploring this place.
 F = Levels seen in this place.
 G = Mean time per level.
                   A        B        C        D        E       F      G
               +--------+--------+--------+--------+--------+-----+--------+
         Total |   1044 |   1019 |     25 |      0 |    891 |   2 |  522.0 |
       Dungeon |   1044 |   1019 |     25 |      0 |    891 |   2 |  522.0 |
               +--------+--------+--------+--------+--------+-----+--------+

Top non-repeatable levels by time:
     D:1: 1039 daAuts
     D:2: 4 daAuts
